 Dungeon Sprint DCSS version 0.19.0-11-g3fc08b3 (webtiles) character file.

33 equalderp2856 the Scratcher (level 3, -6/18 HPs)
             Began as a Felid Fighter on Nov 8, 2016.
             Mangled by an eight-headed hydra (18 damage)
             ... in the Dungeon (Sprint IX: "|||||||||||||||||||||||||||||").
             The game lasted 00:01:11 (283 turns).

equalderp2856 the Scratcher (Felid Fighter)          Turns: 283, Time: 00:01:12

Health: -6/18      AC:  3    Str: 16    XL:     3   Next: 12%
Magic:  4/4        EV: 21    Int:  9    God:
Gold:   0          SH:  0    Dex: 15    Spells: 0 memorised, 2 levels left
                                        Lives:  0   Deaths: 1

rFire  . . .     SeeInvis +       - Unarmed
rCold  . . .     Gourm    .     (armour unavailable)
rNeg   . . .     Faith    .     (shield unavailable)
rPois  .         Spirit   .     (helmet unavailable)
rElec  .         Reflect  .     (cloak unavailable)
rCorr  .         Harm     .     (gloves unavailable)
MR     .....     NoTele   +     (boots unavailable)
Stlth  ++........               (no amulet)
                                n - +2 ring of protection
                                m - +3 ring of strength

@: quick
A: no armour, no weapons or thrown items, stealth, claws 1, fangs 3, see
invisible, carnivore 3, speed 1, shaggy fur 1, slow metabolism 1, sharp paws
a: no special abilities


You were in the Dungeon.
You were not hungry.

You visited 1 branch

Inventory:

Jewellery
 m - a +3 ring of strength (left paw)
 n - a +2 ring of protection (right paw)
Wands
 l - a wand of iceblast (7/15)
Scrolls
 h - 2 scrolls of blinking
 j - 3 scrolls of remove curse
 k - 2 scrolls of amnesia
Potions
 a - a potion of might
 c - 5 potions of curing
 d - 3 potions of heal wounds
 e - a potion of haste
 f - 4 potions of magic
 g - a potion of berserk rage
 i - a potion of invisibility
Comestibles
 b - a meat ration


   Skills:
 + Level 4.5 Fighting
 + Level 6.1 Dodging
 + Level 7.6 Unarmed Combat


You had 2 spell levels left.
You didn't know any spells.

Dungeon Overview and Level Annotations

Branches:
Dungeon (1/1)

Altars:
Cheibriados
Dithmenos
Elyvilon
Fedhas
Gozag
Hepliaklqana
Kikubaaqudgha
Makhleb
Nemelex Xobeh
Okawaru
Qazlal
Ru
Sif Muna
Trog
Uskayaw
Vehumet
Xom
Yredelemnul
Zin
The Shining One
Beogh
Jiyva
Lugonu


Innate Abilities, Weirdness & Mutations

You cannot wear armour.
You are incapable of wielding weapons or throwing items.
Your paws allow you to move quietly. (Stealth)
You have sharp claws.
You have razor-sharp teeth.
You have supernaturally acute eyesight. (SInv)
You are carnivorous and can eat meat at any time.
You cover ground quickly.
You are covered in fur. (AC +1)
You have a slow metabolism.
Your sharp claws are effective at attacking unaware monsters.


Message History

You open the door.
An iguana, a hydra, a sky beast, an orc, a skeletal warrior and a zombie come into view.
The eight-headed hydra roars!
The orc shouts!
There is an open door here.
You claw the leopard gecko zombie!
You destroy the leopard gecko zombie!
The sky beast flickers out of sight for a moment.
You scratch the eight-headed hydra. You bite the eight-headed hydra.
The eight-headed hydra is lightly wounded.
The eight-headed hydra closely misses you.
The eight-headed hydra completely misses you.
The eight-headed hydra barely misses you.
The eight-headed hydra bites you.
The eight-headed hydra closely misses you.
The eight-headed hydra completely misses you.
The eight-headed hydra closely misses you.
The eight-headed hydra bites you!!
Ouch! That really hurt!
You die...

▓.▓.▓
▓+▓.▓
▓z▓.▓
▓Y▓.▓
▓.▓.▓
▓o▓.▓
▓l▓.▓
▓D▓.▓
▓@▓.▓
▓.▓.▓
▓...▓
▓▓▓▓▓


You could see an eight-headed hydra, a skeletal warrior, a sky beast
(invisible), an iguana and an orc.

Vanquished Creatures
  A bullfrog (D)
  2 leopard geckos (D)
  An orc (D)
  A giant cockroach (D)
  A quokka (D)
  A giant cockroach zombie (D)
  A goblin (D)
  A kobold (D)
  A leopard gecko zombie (D)
  2 rats (D)
12 creatures vanquished.

Notes
Turn   | Place    | Note
-------+----------+-------------------------------------------
     0 | D        | equalderp2856 the Felid Fighter began the quest for the Orb.
     0 | D        | Reached XP level 1. HP: 10/10 MP: 2/2
    39 | D        | Reached skill level 5 in Unarmed Combat
    43 | D        | Reached XP level 2. HP: 8/14 MP: 3/3
   190 | D        | Found a roughly hewn altar of Beogh.
   190 | D        | Found a snail-covered altar of Cheibriados.
   190 | D        | Found a shadowy altar of Dithmenos.
   190 | D        | Found a white marble altar of Elyvilon.
   190 | D        | Found a blossoming altar of Fedhas.
   190 | D        | Found an opulent altar of Gozag.
   191 | D        | Found a hazy altar of Hepliaklqana.
   192 | D        | Found a viscous altar of Jiyva.
   193 | D        | Found an ancient bone altar of Kikubaaqudgha.
   194 | D        | Found a corrupted altar of Lugonu.
   195 | D        | Found a burning altar of Makhleb.
   196 | D        | Found a sparkling altar of Nemelex Xobeh.
   197 | D        | Found an iron altar of Okawaru.
   198 | D        | Found a stormy altar of Qazlal.
   199 | D        | Found a sacrificial altar of Ru.
   200 | D        | Found a deep blue altar of Sif Muna.
   201 | D        | Found a bloodstained altar of Trog.
   202 | D        | Found a hide-covered altar of Uskayaw.
   203 | D        | Found a radiant altar of Vehumet.
   204 | D        | Found a shimmering altar of Xom.
   205 | D        | Found a basalt altar of Yredelemnul.
   206 | D        | Found a glowing silver altar of Zin.
   207 | D        | Found a glowing golden altar of the Shining One.
   254 | D        | Noticed a bullfrog
   254 | D        | Noticed a wight
   254 | D        | Noticed a bullfrog
   254 | D        | Noticed a hill giant
   259 | D        | Killed a bullfrog
   259 | D        | Reached skill level 7 in Unarmed Combat
   259 | D        | Reached XP level 3. HP: 16/18 MP: 4/4
   259 | D        | Reached XP level 4. HP: 19/22 MP: 5/5
   264 | D        | Demolished by a hill giant
   265 | D        | Reached XP level 3. HP: -18/18 MP: 4/4
   280 | D        | Noticed a skeletal warrior
   280 | D        | Noticed a sky beast
   280 | D        | Noticed an eight-headed hydra
   283 | D        | Mangled by an eight-headed hydra

Skill      XL: |  1  2 |
---------------+-------+-----
Unarmed Combat | 5 7 |  7.6
Fighting       | 4 |  4.5
Dodging        | 6 |  6.1

Action                   |  1- 3 |  4- 6 || total
-------------------------+-------+-------++-------
Melee: Unarmed           |    39 |     3 ||    42
       Bite              |     4 |     1 ||     5
Dodge: Dodged            |    32 |     1 ||    33
